 Dungeon Crawl Stone Soup version 0.26-a0-1102-g347fe5baa7 (webtiles) character file.

Game seed: 3501865835872811064

1109 vvl the Ruffian (level 8, 0/72 HPs)
             Began as a Troll Transmuter on Dec 16, 2020.
             Killed by nerve-wracking pain
             ... invoked by an orc priest
              (4 damage)
             ... on level 6 of the Dungeon.
             The game lasted 00:37:41 (4332 turns).

vvl the Ruffian (Troll Transmuter)                  Turns: 4332, Time: 00:37:42

Health: 0/72       AC:  7    Str: 19    XL:     8   Next: 11%
Magic:  8/8        EV: 11    Int: 11    God:
Gold:   279        SH:  0    Dex: 10    Spells: 8/9 levels left

rFire    . . .     SeeInvis .     - Unarmed
rCold    . . .     Faith    .   (no shield)
rNeg     . . .     Spirit   .   a - +0 robe
rPois    .         Reflect  .   (helmet restricted)
rElec    .         Harm     .   t - +0 cloak {rCorr}
rCorr    +         Rampage  .   (gloves unavailable)
Will     .....                  (boots unavailable)
Stlth    +.........             (no amulet)
HPRegen  0.62/turn              (no ring)
MPRegen  0.11/turn              (no ring)

@: lethally poisoned (0 -> 0)
A: large, unfitting armour, claws 3, regeneration 1, shaggy fur 1, tough skin 3
a: no special abilities


You were on level 6 of the Dungeon.
You visited 1 branch of the dungeon, and saw 6 of its levels.

You collected 279 gold pieces.

Inventory:

Hand Weapons
 i - a +0 rapier
 n - a +0 antimagic trident
 q - a +2 short sword of venom
 s - a +2 quarterstaff of chaos
 y - a +1 falchion of holy wrath
 A - a +1 dagger of venom
 B - a +2 short sword of venom
 D - a cursed -2 long sword
Armour
 a - a +0 robe (worn)
 t - a +0 cloak of preservation (worn)
Jewellery
 o - a cursed -4 ring of evasion
Scrolls
 b - 2 scrolls of immolation {unknown}
 c - a scroll of enchant armour {unknown}
 d - 6 scrolls of remove curse {unknown}
 f - 4 scrolls of teleportation {unknown}
 g - a scroll of noise {unknown}
 h - 3 scrolls of amnesia {unknown}
 j - 6 scrolls of identify
 k - 3 scrolls of enchant weapon {unknown}
 w - a scroll of magic mapping {unknown}
Potions
 e - 4 potions of curing {unknown}
 l - a potion of heal wounds {unknown}
 m - 2 potions of ambrosia {unknown}
 p - 2 potions of lignification {unknown}
 r - a potion of haste {unknown}
 u - 2 potions of might
 v - 2 potions of cancellation {unknown}
 x - a potion of invisibility {unknown}
 z - a potion of brilliance {unknown}
 C - 3 potions of degeneration {unknown}


   Skills:
 + Level 1.9 Fighting
 + Level 3.7 Dodging
 - Level 0.1 Stealth
 + Level 7.6 Unarmed Combat
 - Level 1.2 Spellcasting
 * Level 3.4 Transmutations


You had 8 spell levels left.
You knew the following spells:

 Your Spells              Type           Power        Failure   Level
a - Beastly Appendage     Tmut           #.....       8%          1

Your spell library contained the following spells:

 Spells                   Type           Power        Failure   Level
 Wereblood                Tmut           #.......     12%         2
 Spider Form              Tmut/Pois      #.........   43%         3
 Ice Form                 Ice/Tmut       #.......     83%         4
 Blade Hands              Tmut           #.........   91%         5


Dungeon Overview and Level Annotations

Branches:
Dungeon (6/15)
 Temple: D:4-7

Altars:
Ashenzari
Hepliaklqana
Qazlal
Ru
Wu Jian
Yredelemnul
Zin


Innate Abilities, Weirdness & Mutations

You are too large for most types of armour.
You have claws for hands.
Your natural rate of healing is unusually fast.
You are covered in fur. (AC +1)
You have extremely tough skin. (AC +3)


Message History

Items here: ( ))) [[ ††.
You barely miss the orc priest. The orc priest closely misses you.
You barely miss the orc priest.
You feel sick.
The orc priest hits you with a +1 short sword of speed.
You scratch the orc priest but do no damage.
The orc priest calls down the wrath of Beogh upon you.
Beogh smites you!
* * * LOW HITPOINT WARNING * * *
You scratch the orc priest but do no damage.
The orc priest hits you with a +1 short sword of speed.
* * * LOW HITPOINT WARNING * * *
You closely miss the orc priest.
The orc priest hits you with a +1 short sword of speed.
* * * LOW HITPOINT WARNING * * *
You claw the orc priest!
The orc priest is almost dead.
You feel sick.
The orc priest invokes the aid of Beogh against you.
Pain shoots through your body!
You die...

### . ... . .. #).
### .# .. #.. ... .#
##.#.. #.## ###[# <
#..... #.##.##...##.
#...###.# ..... .#
##.o@...#####.###.#
#...#...........#.#
#.....?...#####.#.#.#
####..#.#.#####.#.#.#
#....#.#...........#
#.#.##.#####.###.###
#.#. #.# #.# #.# # ..
#.# #.# #.#
#.#####.###.#


You could see an orc priest.

Vanquished Creatures
  Grinder (D:3)
  A water moccasin (D:5)
  A sky beast (D:4)
  An orc warrior (D:6)
  An ice beast (D:6)
  2 centaurs
  An orc wizard (D:5)
  An orc priest (D:5)
  Crazy Yiuf (D:3)
  An iguana (D:5)
  A worker ant (D:5)
  A gnoll (D:1)
  10 adders
  A shadow imp (D:3)
  2 oozes
  An adder skeleton (D:5)
  2 worms (D:3)
  A dart slug (D:3)
  2 leopard geckos
  10 orcs
  2 giant cockroaches
  11 goblins
  11 hobgoblins
  9 jackals
  10 kobolds
  2 quokkas
  A ball python (D:1)
  7 bats
  3 frilled lizards
  11 rats
  A spectral orc (D:4)
110 creatures vanquished.

Notes
Turn   | Place    | Note
-------+----------+-------------------------------------------
     0 | D:1      | vvl the Troll Transmuter began the quest for the Orb.
     0 | D:1      | Reached XP level 1. HP: 18/18 MP: 1/1
   163 | D:1      | Reached skill level 1 in Fighting
   267 | D:1      | Reached XP level 2. HP: 27/27 MP: 2/2
   754 | D:1      | Reached XP level 3. HP: 33/33 MP: 3/3
  1045 | D:2      | Reached skill level 4 in Unarmed Combat
  1045 | D:2      | Reached XP level 4. HP: 41/41 MP: 4/4
  1508 | D:2      | Found an ornate altar of the Wu Jian Council.
  1659 | D:3      | Found a stormy altar of Qazlal.
  1693 | D:3      | Found a runed translucent door.
  1694 | D:3      | Noticed Crazy Yiuf
  1705 | D:3      | Killed Crazy Yiuf
  1706 | D:3      | Reached XP level 5. HP: 6/48 MP: 5/5
  2285 | D:3      | Noticed Grinder
  2302 | D:3      | Killed Grinder
  2303 | D:3      | Reached skill level 5 in Unarmed Combat
  2303 | D:3      | Reached XP level 6. HP: 39/55 MP: 6/6
  2648 | D:3      | Found a hazy altar of Hepliaklqana.
  3004 | D:4      | Reached skill level 6 in Unarmed Combat
  3064 | D:4      | Noticed a sky beast
  3072 | D:4      | Killed a sky beast
  3073 | D:4      | Reached XP level 7. HP: 62/62 MP: 7/7
  3078 | D:4      | Found a sacrificial altar of Ru.
  3312 | D:4      | Found a basalt altar of Yredelemnul.
  3461 | D:5      | Entered Level 5 of the Dungeon
  3824 | D:5      | Found a broken altar of Ashenzari.
  3839 | D:5      | Reached skill level 7 in Unarmed Combat
  4003 | D:5      | Found a glowing silver altar of Zin.
  4311 | D:6      | Reached XP level 8. HP: 42/72 MP: 8/8
  4332 | D:6      | Killed from afar by an orc priest

Illustrated notes

Levels and vault maps discovered:
D:1:      sevenhm_arrival_forest_fort_small_5, layout_loops_corners,
          grunt_decor_arrowhead
D:2:      layout_rooms, nicolae_overflow_hidden_temple, minmay_quantized
D:3:      layout_basic, lemuel_coloured_pillars_altar, grunt_qazlal_clouds,
          uniq_grinder, uniq_crazy_yiuf_cottage
D:4:      layout_loops_cross, yredelemnul_forgotten_temple_becter,
          serial_bayou_pond_e, hangedman_abyss_or_decor_stabs,
          nicolae_ru_sacrificial_ziggurat
D:5:      layout_basic, overflow_temple_1_default, basic_altar
D:6:      layout_loops_ring, temple_pool_b, uniq_eustachio, uniq_duvessa

Skill      XL: |  1  2  3  4  5  6  7 |
---------------+----------------------+-----
Fighting       | 1 |  1.9
Dodging        | 2 3 |  3.7
Unarmed Combat | 4 5 6 7 |  7.6
Transmutations | 2 3 |  3.4
Stealth        | |  0.1
Spellcasting   | |  1.2

Action                   |  1- 3 |  4- 6 |  7- 9 || total
-------------------------+-------+-------+-------++-------
Melee: Unarmed           |    80 |   172 |    80 ||   332
       Punch             |     1 |     1 |       ||     2
       Headbutt          |     1 |       |       ||     1
       Kick              |       |       |     1 ||     1
 Cast: Beastly Appendage |     3 |     2 |     1 ||     6
  Use: Scroll            |       |     1 |       ||     1
 Stab: Sleeping          |     1 |     1 |       ||     2
Armor: Robe              |    35 |    59 |    24 ||   118
Dodge: Dodged            |    37 |    89 |    48 ||   174

Table legend: (Time is in decaauts)
 A = Elapsed time spent in this place.
 B = Non-inter-level travel time spent in this place.
 C = Inter-level travel time spent in this place.
 D = Time resting spent in this place.
 E = Time spent auto-exploring this place.
 F = Levels seen in this place.
 G = Mean time per level.
                   A        B        C        D        E       F      G
               +--------+--------+--------+--------+--------+-----+--------+
         Total |   4300 |   3994 |    306 |    154 |   3055 |   6 |  716.7 |
       Dungeon |   4300 |   3994 |    306 |    154 |   3055 |   6 |  716.7 |
               +--------+--------+--------+--------+--------+-----+--------+

Top non-repeatable levels by time:
     D:3: 1159 daAuts
     D:1: 923 daAuts
     D:5: 770 daAuts
     D:2: 692 daAuts
     D:4: 664 daAuts
     D:6: 90 daAuts
